 Dungeon Crawl Stone Soup version 0.31-a0-180-g519b7de00c (webtiles) character file.

Game seed: 6829746967308036537

178 Moral the Grave Robber (level 5, -2/37 HPs)
             Began as a Human Necromancer on June 19, 2023.
             Slain by a sky beast (6 damage)
             ... on level 4 of the Dungeon.
             The game lasted 00:08:10 (3421 turns).

Moral the Grave Robber (Human Necromancer)          Turns: 3421, Time: 00:08:11

Health: -2/37      AC:  5    Str:  8    XL:     5   Next: 89%
Magic:  1/9        EV: 13    Int: 20    God:
Gold:   183        SH:  0    Dex: 14    Spells: 8/9 levels left

rFire   . . .        i - +0 hammer of Corruption {elec, Will+ Int+3}
rCold   . . .        (no shield)
rNeg    . . .        f - +0 robe
rPois   .            l - +2 helmet
rElec   .            (no cloak)
rCorr   .            (no gloves)
SInv    .            (no boots)
Will    +....        (no amulet)
Stlth   ++           (no ring)
HPRegen 0.26/turn    (no ring)
MPRegen 0.11/turn

%: no passive effects
@: about to teleport
A: no striking features
a: no special abilities


You were on level 4 of the Dungeon.
You visited 1 branch of the dungeon, and saw 4 of its levels.

You collected 183 gold pieces.

Inventory:

Hand Weapons
 i - the +0 hammer of Corruption (weapon) {elec, Will+ Int+3}
   (You found it on level 2 of the Dungeon)

   Int:       It affects your intelligence (+3).
   Will:      It increases your willpower.
Armour
 f - a +0 robe (worn)
 l - a +2 helmet (worn)
Wands
 o - a wand of polymorph (10)
Scrolls
 e - a scroll of noise {unknown}
 j - a scroll of amnesia
 m - a scroll of torment
 n - a scroll of enchant weapon {unknown}
Potions
 a - a potion of attraction {unknown}
 b - a potion of magic
 c - a potion of degeneration {unknown}
 g - a potion of curing {unknown}
 h - a potion of berserk rage {unknown}
 k - 2 potions of lignification {unknown}


   Skills:
 + Level 1.4 Fighting
 + Level 1.5 Maces & Flails
 + Level 3.2 Dodging
 - Level 2.5 Stealth
 + Level 2.9 Spellcasting
 + Level 4.7 Necromancy


You had 8 spell levels left.
You knew the following spells:

 Your Spells              Type           Power      Damage    Failure   Level
a - Necrotise             Necr           84%        1d8       1%          1

Your spell library contained the following spells:

 Spells                   Type           Power      Damage    Failure   Level
 Vampiric Draining        Necr           21%        2d7       6%          3
 Slow                     Hex            8%         N/A       14%         1
 Animate Dead             Necr           21%        N/A       21%         4
 Confusing Touch          Hex            2%         N/A       41%         3
 Ignite Poison            Fire/Tmut/Pois 2%         N/A       41%         3
 Ozocubu's Armour         Ice            2%         N/A       41%         3
 Agony                    Necr           21%        N/A       50%         5
 Sticky Flame             Conj/Fire      2%         2d3       82%         4
 Ozocubu's Refrigeration  Ice            1%         4d7       100%        7
 Ignition                 Fire           1%         3d3       100%        8


Dungeon Overview and Level Annotations

Branches:
Dungeon (4/15)
 Temple: D:4-7

Altars:
Dithmenos

Annotations:
D:2 1 runed translucent door, Crazy Yiuf


Message History

You swap places.
You swap places.
Your hobgoblin skeleton crumbles into dust!
Found an escape hatch in the ceiling.
Found a dagger.
Found 5 poisoned darts.
You see here a +0 dagger.
You see here 5 poisoned darts.
You now have 183 gold pieces (gained 19).
You open the door.
A sky beast comes into view.
Found a whip and 13 gold pieces.
A sky beast is nearby!
A sky beast is nearby!
A sky beast is nearby!
The sky beast writhes in agony.
The sky beast writhes in agony.
The sky beast barely resists.
The sky beast writhes in agony.
The sky beast barely misses you.
The sky beast writhes in agony.
The sky beast closely misses you.
The sky beast writhes in agony!
The sky beast closely misses you.
The sky beast barely resists.
The sky beast hits you. The sky beast shocks you.
The sky beast writhes in agony.
The sky beast barely misses you.
The sky beast barely resists.
The sky beast flickers out of sight!
Deactivating autopickup; reactivate with Ctrl-A.
Something hits you but does no damage.
You can't see any susceptible monsters within range! (Use Z to cast anyway.)
You can't see any susceptible monsters within range! (Use Z to cast anyway.)
You miss something. Something hits you. Something shocks you.
You barely miss something. Something hits you. Something shocks you.
You completely miss something. Something hits you but does no damage.
Something hits you.
* * * LOW HITPOINT WARNING * * *
Something shocks you.
* * * LOW HITPOINT WARNING * * *
As you read the scroll of teleportation, it crumbles to dust.
You feel strangely unstable. Something hits you.
* * * LOW HITPOINT WARNING * * *
Something shocks you.
You die...

#.#......# #.....# #####
#.#......# #...#.# ##...##
#.#......# #.#<..#
#.....###.#.....)# #.#.###
#................# #.#.###
#.....#.###......# #......
##...##.# ##.#.########.###
##.###.###.###.........#
#########.......@#...##########
.....#.......###{###.###
####.#.##(.#.# ).. #...#
...#.#.##....#§.§.§#...#
.#.........#.#.§§≈§#...#
...#.#.##..#.#.§§.§#.#.#
####.#>......#.....#.#.#
.....####)##########.#.# ######
#.# ..#.#


There were no monsters in sight!

Vanquished Creatures
  A scorpion (D:4)
  3 adders
  An ufetubus (D:4)
  A dart slug (D:2)
  An orc (D:3)
  2 bats
  9 endoplasms
  2 giant cockroaches (D:3)
  5 goblins
  10 hobgoblins
  5 quokkas
  6 ball pythons
  4 frilled lizards
  8 kobolds
  9 rats
67 creatures vanquished.

Vanquished Creatures (collateral kills)
  An adder (D:2)
  A quokka (D:1)
  A frilled lizard (D:1)
  A rat (D:1)
4 creatures vanquished.

Grand Total: 71 creatures vanquished

Notes
Turn   | Place    | Note
-------+----------+-------------------------------------------
     0 | D:1      | Moral the Human Necromancer began the quest for the Orb.
     0 | D:1      | Reached XP level 1. HP: 13/13 MP: 3/3
    69 | D:1      | Reached XP level 2. HP: 10/19 MP: 0/5
   661 | D:1      | Reached XP level 3. HP: 24/24 MP: 3/6
  1226 | D:2      | Identified the +0 hammer of Corruption {elec, Will+ Int+3}
  1236 | D:2      | Found a runed translucent door.
  1237 | D:2      | Noticed Crazy Yiuf
  1295 | D:2      | Reached XP level 4. HP: 16/30 MP: 0/7
  1465 | D:2      | Found a faded altar of an unknown god.
  2707 | D:3      | Found a shadowy altar of Dithmenos.
  2880 | D:3      | Reached skill level 1 in Maces & Flails
  2880 | D:3      | Reached XP level 5. HP: 36/36 MP: 2/8
  2948 | D:3      | Reached skill level 1 in Fighting
  3408 | D:4      | Noticed a sky beast
  3421 | D:4      | Slain by a sky beast

Illustrated notes

Levels and vault maps discovered:
D:1:      minmay_arrival_hallway, layout_loops_ring, minmay_statues_item
D:2:      layout_loops_ring, basic_ecumenical_altar, uniq_crazy_yiuf_cottage
D:3:      layout_loops_ring, general_overflow_altar, minmay_quadrilaterals
D:4:      layout_loops_cross, minmay_temple_entry_slanted,
          kennysheep_generic_room_13

Skill      XL: |  1  2  3  4  5 |
---------------+----------------+-----
Maces & Flails | 1 |  1.5
Fighting       | 1 |  1.4
Dodging        | 3 |  3.2
Stealth        | |  2.5
Spellcasting   | |  2.9
Necromancy     | |  4.7

Action                     |  1- 3 |  4- 6 || total
---------------------------+-------+-------++-------
  Melee: Unarmed           |     7 |       ||     7
         Mace              |     3 |    17 ||    20
         Punch             |     1 |       ||     1
   Cast: Necrotise         |    42 |    91 ||   133
    Use: Scroll            |       |     5 ||     5
 Armour: Robe              |     3 |    21 ||    24
  Dodge: Dodged            |    11 |    46 ||    57

Table legend: (Time is in decaauts)
 A = Elapsed time spent in this place.
 B = Non-inter-level travel time spent in this place.
 C = Inter-level travel time spent in this place.
 D = Time resting spent in this place.
 E = Time spent auto-exploring this place.
 F = Levels seen in this place.
 G = Mean time per level.
                   A        B        C        D        E       F      G
               +--------+--------+--------+--------+--------+-----+--------+
         Total |   3426 |   3342 |     84 |      3 |   2816 |   4 |  856.5 |
       Dungeon |   3426 |   3342 |     84 |      3 |   2816 |   4 |  856.5 |
               +--------+--------+--------+--------+--------+-----+--------+

Top non-repeatable levels by time:
     D:3: 1198 daAuts
     D:1: 1049 daAuts
     D:2: 881 daAuts
     D:4: 297 daAuts
